APP
MISSOULA OSPREY @ BRISTOL PIRATES
09/08/2047
 
TOP OF THE 1ST
Missoula Osprey batting - Pitching for Bristol Pirates : RHP Jerry Spitler
Pitching: RHP Jerry Spitler
Batting: RHB Hyeok Shon 0-0: Fly out, F8 (Line Drive, 8RD, EV 93.8 MPH)
Batting: RHB Chris Jones 0-0: Foul Ball, location: 2F
0-1: Ball
1-1: SINGLE (Groundball, 6D, EV 106.2 MPH)
Batting: RHB Francisco Gutierrez 0-0: Grounds into double play, 4-6-3 (Groundball, 4M, EV 78.8 MPH)
Top of the 1st over - 0 runs, 1 hit, 0 errors, 0 left on base; Missoula 0 - Bristol 0
BOTTOM OF THE 1ST
Bristol Pirates batting - Pitching for Missoula Osprey : LHP Cory Youngquist
Pitching: LHP Cory Youngquist
Batting: RHB Melvin Durland 0-0: Called Strike
0-1: Foul Ball, location: 2F
0-2: Ball
1-2: Foul Ball, location: 2F
1-2: Foul Ball, location: 2F
1-2: Ball
2-2: Foul Ball, location: 2F
2-2: SINGLE (Groundball, 4MS, EV 75.0 MPH) (infield hit)
Batting: LHB Josh Aerni 0-0: Called Strike
0-1: Ball
Passed Ball!
Melvin Durland to second
1-1: Ball
2-1: Foul Ball, location: 2F
2-2: Foul Ball, location: 2F
2-2: Foul Ball, location: 2F
2-2: Ball
3-2: Foul Ball, location: 2F
3-2: Foul Ball, location: 2F
3-2: Ground out 4-3 (Groundball, 4, EV 99.4 MPH)
Melvin Durland to third
Batting: RHB Alain Marquet 0-0: Ball
1-0: Called Strike
1-1: Ball
2-1: Swinging Strike
2-2: Foul Ball, location: 2F
2-2: Ball
3-2: Base on Balls
Batting: RHB Dave Fredericks 0-0: Ball
1-0: Ball
2-0: Ball
3-0: Called Strike
3-1: SINGLE (Groundball, 6M, EV 95.0 MPH) (infield hit)
Melvin Durland scores
Alain Marquet to second
Batting: LHB Chad Cutler 0-0: Called Strike
0-1: Swinging Strike
0-2: Ball
1-2: Ball
2-2: Strikes out swinging
Batting: RHB Rusty Trader 0-0: Ball
1-0: Reached on error, E6 (Groundball, 6, EV 89.4 MPH)
Alain Marquet to third
Dave Fredericks to second
Batting: SHB Ronnie Brooks 0-0: GRAND SLAM HOME RUN (Flyball, 7D, EV 96.9 MPH), Distance : 372 ft
Batting: RHB Alex Arzate 0-0: Called Strike
0-1: Fly out, F8 (Flyball, 8LD, EV 98.8 MPH)
Bottom of the 1st over - 5 runs, 3 hits, 1 error, 0 left on base; Missoula 0 - Bristol 5
TOP OF THE 2ND
Missoula Osprey batting - Pitching for Bristol Pirates : RHP Jerry Spitler
Batting: LHB Nelson Pelico 0-0: Ball
1-0: SINGLE (Groundball, 5D, EV 100.6 MPH)
Batting: LHB Danny Salas 0-0: Swinging Strike
0-1: Ball
1-1: Ball
2-1: Ball
3-1: Base on Balls
Nelson Pelico to second
Batting: RHB Jimmy McIntosh 0-0: Ball
1-0: Ball
2-0: Called Strike
2-1: Swinging Strike
2-2: Strikes out swinging
Batting: RHB Hector Tabares 0-0: Ball
1-0: Ball
2-0: Ball
3-0: Called Strike
3-1: Foul Ball, location: 2F
3-2: Fielders Choice at 2nd, 1-6 (Groundball, 13S, EV 71.2 MPH)
Nelson Pelico to third
Batting: RHB Isaiah Hampton 0-0: Ball
1-0: Ball
2-0: Called Strike
2-1: Called Strike
2-2: Fielders Choice at 2nd, U6 (Groundball, 6M, EV 86.2 MPH)
Top of the 2nd over - 0 runs, 1 hit, 0 errors, 2 left on base; Missoula 0 - Bristol 5
BOTTOM OF THE 2ND
Bristol Pirates batting - Pitching for Missoula Osprey : LHP Cory Youngquist
Batting: SHB Juan Ayala 0-0: Ball
1-0: Called Strike
1-1: Ball
2-1: Ball
3-1: Swinging Strike
3-2: Strikes out looking
Batting: RHB Melvin Durland 0-0: Ball
1-0: Ball
2-0: Ball
3-0: Called Strike
3-1: Base on Balls
Batting: LHB Josh Aerni 0-0: Ball
1-0: Ball
2-0: Foul Ball, location: 2F
2-1: Ball
3-1: DOUBLE (Line Drive, 9LS, EV 107.5 MPH)
Melvin Durland to third
Runner from 3rd tries for Home, SAFE, throw by RF to home
Batting: RHB Alain Marquet 0-0: 2-RUN HOME RUN (Flyball, 7LD, EV 95.0 MPH), Distance : 382 ft
Pitching: RHP Sergio Reyes
Batting: RHB Dave Fredericks 0-0: Ground out 5-3 (Groundball, 56S, EV 68.1 MPH)
Batting: LHB Chad Cutler 0-0: Ball
1-0: Ball
2-0: Foul Ball, location: 2F
2-1: Ball
3-1: Swinging Strike
3-2: TRIPLE (Flyball, 89XD, EV 98.8 MPH)
Batting: RHB Rusty Trader 0-0: Ball
1-0: Ball
2-0: Called Strike
2-1: Foul Ball, location: 2F
2-2: Ball
3-2: Base on Balls
Batting: SHB Ronnie Brooks 0-0: Ball
1-0: Ball
2-0: Called Strike
2-1: Ball
3-1: Foul Ball, location: 2F
3-2: Foul Ball, location: 2F
3-2: Foul Ball, location: 2F
3-2: Ground out 3-1 (Groundball, 34S, EV 86.9 MPH)
Bottom of the 2nd over - 3 runs, 3 hits, 0 errors, 2 left on base; Missoula 0 - Bristol 8
TOP OF THE 3RD
Missoula Osprey batting - Pitching for Bristol Pirates : RHP Jerry Spitler
Batting: RHB Jose Cuellar 0-0: Called Strike
0-1: Ball
1-1: Foul Ball, location: 2F
1-2: Foul Ball, location: 2F
1-2: Strikes out swinging
Batting: RHB Hyeok Shon 0-0: Ball
1-0: Ball
2-0: Ball
3-0: Called Strike
3-1: Called Strike
3-2: Ground out 5-3 (Groundball, 56, EV 83.8 MPH)
Batting: RHB Chris Jones 0-0: Called Strike
0-1: Foul Ball, location: 2F
0-2: Ball
1-2: Foul Ball, location: 2F
1-2: Strikes out swinging
Top of the 3rd over - 0 runs, 0 hits, 0 errors, 0 left on base; Missoula 0 - Bristol 8
BOTTOM OF THE 3RD
Bristol Pirates batting - Pitching for Missoula Osprey : RHP Sergio Reyes
Batting: RHB Alex Arzate 0-0: Ball
1-0: Swinging Strike
1-1: Ball
2-1: Foul Ball, location: 2F
2-2: Ball
3-2: Ground out 3-1 (Groundball, 34, EV 81.9 MPH)
Batting: SHB Juan Ayala 0-0: Called Strike
0-1: Ball
1-1: Foul Ball, location: 2F
1-2: Ball
2-2: Reached on error, E6 (Groundball, 6, EV 103.8 MPH)
Pitching: RHP Ramiz JambakurIan
Batting: RHB Melvin Durland 0-0: Called Strike
0-1: TRIPLE (Flyball, 89XD, EV 104.4 MPH)
Juan Ayala scores
Pinch Runner at 3rd Don Hauk:
Batting: LHB Josh Aerni 0-0: Ball
1-0: Called Strike
1-1: Ball
2-1: Ball
3-1: Base on Balls
Batting: RHB Alain Marquet 0-0: Ball
1-0: Ball
2-0: Called Strike
2-1: Called Strike
2-2: Fielders Choice at 2nd, 6-4 (Groundball, 6, EV 103.8 MPH)
Don Hauk scores
Batting: RHB Dave Fredericks 0-0: Ball
1-0: Foul Ball, location: 2F
1-1: SINGLE (Flyball, 8LS, EV 94.4 MPH)
Alain Marquet to second
Batting: LHB Chad Cutler 0-0: Ball
1-0: Foul Ball, location: 2F
1-1: Fielders Choice at 2nd, U4 (Groundball, 4M, EV 106.9 MPH)
Bottom of the 3rd over - 2 runs, 2 hits, 1 error, 2 left on base; Missoula 0 - Bristol 10
TOP OF THE 4TH
Missoula Osprey batting - Pitching for Bristol Pirates : RHP Jerry Spitler
Now in RF: Don Hauk
Batting: RHB Francisco Gutierrez 0-0: Ball
1-0: Ball
2-0: Foul Ball, location: 2F
2-1: Swinging Strike
2-2: Fly out, F8 (Flyball, 8LD, EV 90.6 MPH)
Batting: LHB Nelson Pelico 0-0: Foul Ball, location: 2F
0-1: Ball
1-1: Ball
2-1: Foul Ball, location: 2F
2-2: Strikes out swinging
Batting: LHB Danny Salas 0-0: Foul Ball, location: 2F
0-1: Foul Ball, location: 2F
0-2: Foul Ball, location: 2F
0-2: Foul Ball, location: 2F
0-2: Strikes out swinging
Top of the 4th over - 0 runs, 0 hits, 0 errors, 0 left on base; Missoula 0 - Bristol 10
BOTTOM OF THE 4TH
Bristol Pirates batting - Pitching for Missoula Osprey : RHP Ramiz JambakurIan
Batting: RHB Rusty Trader 0-0: Called Strike
0-1: Ground out 4-3 (Groundball, 4, EV 92.5 MPH)
Batting: SHB Ronnie Brooks 0-0: Ball
1-0: Foul Ball, location: 2F
1-1: Ball
2-1: Foul Ball, location: 2F
2-2: Ground out 4-3 (Groundball, 4M, EV 86.2 MPH)
Batting: RHB Alex Arzate 0-0: Ball
1-0: SINGLE (Groundball, 56S, EV 69.4 MPH) (infield hit)
Batting: SHB Juan Ayala 0-0: Called Strike
0-1: Ball
1-1: Ball
2-1: Ball
3-1: Base on Balls
Alex Arzate to second
Batting: SHB Don Hauk 0-0: Ball
1-0: Ball
2-0: SINGLE (Groundball, 4MD, EV 104.4 MPH)
Alex Arzate to third
Juan Ayala to second
Runner from 3rd tries for Home, throw by CF and OUT! 8-2
Bottom of the 4th over - 0 runs, 2 hits, 0 errors, 2 left on base; Missoula 0 - Bristol 10
TOP OF THE 5TH
Missoula Osprey batting - Pitching for Bristol Pirates : RHP Jerry Spitler
Batting: RHB Jimmy McIntosh 0-0: Foul Ball, location: 2F
0-1: Ball
1-1: Ball
2-1: Swinging Strike
2-2: Ball
3-2: Foul Ball, location: 2F
3-2: Base on Balls
Batting: RHB Hector Tabares 0-0: DOUBLE (Groundball, 3L, EV 105.6 MPH)
Jimmy McIntosh to third
Batting: RHB Isaiah Hampton 0-0: Ball
1-0: Called Strike
1-1: Ball
2-1: SINGLE (Groundball, 6D, EV 101.2 MPH)
Jimmy McIntosh scores
Hector Tabares to third
Runner from 3rd tries for Home, SAFE, throw by CF to home
Batting: RHB Jose Cuellar 0-0: Called Strike
0-1: Ball
Wild Pitch!
Isaiah Hampton to second
1-1: SINGLE (Groundball, 3D, EV 100.6 MPH)
Isaiah Hampton to third
Batting: RHB Hyeok Shon 0-0: Called Strike
0-1: Foul Ball, location: 2F
0-2: Foul Ball, location: 2F
0-2: Ball
1-2: Fielders Choice at 2nd, 4-6 (Groundball, 4, EV 80.6 MPH)
Isaiah Hampton scores
Batting: RHB Chris Jones 0-0: Called Strike
Hyeok Shon steals 2nd, throwing error, E2
Hyeok Shon to third
0-1: Ball
1-1: Foul Ball, location: 2F
1-2: Foul Ball, location: 2F
1-2: Ground out 6-3 (Groundball, 6, EV 83.8 MPH)
Hyeok Shon scores
Batting: RHB Francisco Gutierrez 0-0: Ball
1-0: SINGLE (Groundball, 6MD, EV 101.9 MPH)
Pitching: RHP Sakio Miyamoto
Batting: LHB Nelson Pelico 0-0: Called Strike
Francisco Gutierrez steals 2nd base
0-1: Ball
1-1: Ball
2-1: Foul Ball, location: 2F
2-2: Ball
3-2: 2-RUN HOME RUN (Flyball, 9LD, EV 88.8 MPH), Distance : 338 ft
Batting: LHB Danny Salas 0-0: Foul Ball, location: 2F
0-1: Foul Ball, location: 2F
0-2: Foul Ball, location: 2F
0-2: Ball
1-2: Ball
2-2: Strikes out swinging
Top of the 5th over - 6 runs, 5 hits, 1 error, 0 left on base; Missoula 6 - Bristol 10
BOTTOM OF THE 5TH
Bristol Pirates batting - Pitching for Missoula Osprey : RHP Ramiz JambakurIan
Pitching: RHP Sam Lewis
Batting: LHB Josh Aerni 0-0: Foul Ball, location: 2F
0-1: Ball
1-1: Ball
2-1: Called Strike
2-2: Ball
3-2: Foul Ball, location: 2F
3-2: Foul Ball, location: 2F
3-2: Ground out 4-3 (Groundball, 4, EV 87.5 MPH)
Batting: RHB Alain Marquet 0-0: Ball
1-0: Foul Ball, location: 2F
1-1: Ball
2-1: Ball
3-1: Called Strike
3-2: Foul Ball, location: 2F
3-2: Foul Ball, location: 2F
3-2: Base on Balls
Batting: RHB Dave Fredericks 0-0: Called Strike
0-1: Swinging Strike
0-2: Foul Ball, location: 2F
0-2: Ball
1-2: Ball
2-2: Ball
3-2: Base on Balls
Alain Marquet to second
Batting: LHB Chad Cutler 0-0: Ball
1-0: Ball
Wild Pitch!
Alain Marquet to third
Dave Fredericks to second
2-0: Ball
3-0: Called Strike
3-1: Base on Balls
Batting: RHB Rusty Trader 0-0: Fielders Choice at 2nd, 4-6 (Groundball, 4M, EV 98.1 MPH)
Alain Marquet scores
Dave Fredericks to third
Batting: SHB Ronnie Brooks 0-0: Called Strike
0-1: Ball
1-1: Swinging Strike
1-2: Foul Ball, location: 2F
1-2: Strikes out looking
Bottom of the 5th over - 1 run, 0 hits, 0 errors, 2 left on base; Missoula 6 - Bristol 11
TOP OF THE 6TH
Missoula Osprey batting - Pitching for Bristol Pirates : RHP Sakio Miyamoto
Batting: RHB Jimmy McIntosh 0-0: Ball
1-0: Swinging Strike
1-1: Swinging Strike
1-2: Foul Ball, location: 2F
1-2: Strikes out swinging
Batting: RHB Hector Tabares 0-0: Ball
1-0: Ball
2-0: Fly out, F9 (Line Drive, 89M, EV 105.6 MPH)
Batting: RHB Isaiah Hampton 0-0: Ball
1-0: Ground out 4-3 (Groundball, 4, EV 106.9 MPH)
Top of the 6th over - 0 runs, 0 hits, 0 errors, 0 left on base; Missoula 6 - Bristol 11
BOTTOM OF THE 6TH
Bristol Pirates batting - Pitching for Missoula Osprey : RHP Sam Lewis
Batting: RHB Alex Arzate 0-0: Ball
1-0: Ball
2-0: Called Strike
2-1: Swinging Strike
2-2: Foul Ball, location: 2F
2-2: Strikes out swinging
Batting: SHB Juan Ayala 0-0: Ball
1-0: Called Strike
1-1: Ball
2-1: Ball
3-1: Foul Ball, location: 2F
3-2: Fly out, F8 (Flyball, 8RXD, EV 102.5 MPH)
Batting: SHB Don Hauk 0-0: Ball
1-0: Ball
2-0: Called Strike
2-1: Ball
3-1: Base on Balls
Batting: LHB Josh Aerni 0-0: Ball
1-0: Ball
Don Hauk steals 2nd base
2-0: DOUBLE (Groundball, 5L, EV 103.8 MPH)
Don Hauk scores
Batting: RHB Alain Marquet 0-0: Ground out 6-3 (Groundball, 6, EV 80.0 MPH)
Bottom of the 6th over - 1 run, 1 hit, 0 errors, 1 left on base; Missoula 6 - Bristol 12
TOP OF THE 7TH
Missoula Osprey batting - Pitching for Bristol Pirates : RHP Sakio Miyamoto
Batting: RHB Jonathan Mora 0-0: Called Strike
0-1: Ball
1-1: Ball
2-1: Ball
3-1: Fly out, F9 (Flyball, 9, EV 93.8 MPH)
Batting: RHB Hyeok Shon 0-0: Foul Ball, location: 2F
0-1: Foul Ball, location: 2F
0-2: Ball
1-2: Strikes out swinging
Batting: RHB Chris Jones 0-0: Called Strike
0-1: Swinging Strike
0-2: Foul Ball, location: 2F
0-2: Foul Ball, location: 2F
0-2: Hit by Pitch
Batting: RHB Francisco Gutierrez 0-0: Swinging Strike
0-1: Ball
1-1: Swinging Strike
1-2: Ball
2-2: DOUBLE (Groundball, 5L, EV 95.0 MPH)
Chris Jones to third
Runner from 3rd tries for Home, throw by LF and OUT! 7-6-2
Top of the 7th over - 0 runs, 1 hit, 0 errors, 1 left on base; Missoula 6 - Bristol 12
BOTTOM OF THE 7TH
Bristol Pirates batting - Pitching for Missoula Osprey : RHP Sam Lewis
Batting: RHB Dave Fredericks 0-0: Ball
1-0: Swinging Strike
1-1: Swinging Strike
1-2: Ball
2-2: Foul Ball, location: 2F
2-2: Strikes out swinging
Pitching: LHP Ricky Ramirez
Batting: LHB Chad Cutler 0-0: Ground out 4-3 (Groundball, 4M, EV 90.6 MPH)
Batting: RHB Rusty Trader 0-0: Called Strike
0-1: Ball
1-1: Foul Ball, location: 2F
1-2: Fly out, F9 (Flyball, 89XD, EV 93.1 MPH)
Bottom of the 7th over - 0 runs, 0 hits, 0 errors, 0 left on base; Missoula 6 - Bristol 12
TOP OF THE 8TH
Missoula Osprey batting - Pitching for Bristol Pirates : RHP Sakio Miyamoto
Batting: LHB Nelson Pelico 0-0: Called Strike
0-1: Ball
1-1: Foul Ball, location: 2F
1-2: Foul Ball, location: 2F
1-2: Ground out 6-3 (Groundball, 6M, EV 86.2 MPH)
Batting: LHB Danny Salas 0-0: Ball
1-0: Foul Ball, location: 2F
1-1: Ball
2-1: Ground out 1-3 (Groundball, 34S, EV 65.6 MPH)
Batting: RHB Jimmy McIntosh 0-0: Hit by Pitch
Batting: RHB Hector Tabares 0-0: Ball
1-0: Ball
2-0: Ball
3-0: Base on Balls
Jimmy McIntosh to second
Batting: RHB Isaiah Hampton 0-0: Ball
1-0: Foul Ball, location: 2F
1-1: Foul Ball, location: 2F
1-2: Strikes out swinging
Top of the 8th over - 0 runs, 0 hits, 0 errors, 2 left on base; Missoula 6 - Bristol 12
BOTTOM OF THE 8TH
Bristol Pirates batting - Pitching for Missoula Osprey : LHP Ricky Ramirez
Batting: SHB Ronnie Brooks 0-0: SINGLE (Groundball, 56, EV 107.5 MPH) (infield hit)
Batting: RHB Alex Arzate 0-0: Called Strike
0-1: Hit by Pitch
Ronnie Brooks to second
Batting: SHB Juan Ayala 0-0: Foul Ball, location: 2F
0-1: Ball
1-1: Foul Ball, location: 2F
1-2: Fielders Choice at 2nd, 6-4 (Groundball, 6, EV 102.5 MPH)
Ronnie Brooks to third
Batting: SHB Don Hauk 0-0: Foul Ball, location: 2F
0-1: Ball
1-1: Swinging Strike
1-2: Foul Ball, location: 2F
1-2: Ball
2-2: SINGLE (Line Drive, 8LS, EV 92.5 MPH)
Ronnie Brooks scores
Juan Ayala to second
Batting: LHB Josh Aerni 0-0: Ball
1-0: Ball
2-0: Called Strike
2-1: Called Strike
2-2: Foul Ball, location: 2F
2-2: Ball
3-2: Fly out, F9 (Flyball, 89S, EV 95.0 MPH)
Batting: RHB Alain Marquet 0-0: Ball
1-0: Ball
2-0: Called Strike
2-1: Called Strike
2-2: Ball
3-2: Foul Ball, location: 2F
3-2: Foul Ball, location: 2F
3-2: Base on Balls
Juan Ayala to third
Don Hauk to second
Pinch Hitting: RHB Jeff Edwards 0-0: Ball
1-0: Ball
2-0: Swinging Strike
2-1: Ground out 6-3 (Groundball, 56, EV 100.0 MPH)
Bottom of the 8th over - 1 run, 2 hits, 0 errors, 3 left on base; Missoula 6 - Bristol 13
TOP OF THE 9TH
Missoula Osprey batting - Pitching for Bristol Pirates : RHP Sakio Miyamoto
Pitching: LHP Norm Silveira-Wray
Now in LF: Don Hauk
Now in RF: Jeff Edwards
Batting: RHB Jonathan Mora 0-0: SINGLE (Groundball, 6MD, EV 108.8 MPH)
Batting: RHB Hyeok Shon 0-0: Called Strike
0-1: Called Strike
0-2: Ground out 4-3 (Groundball, 34D, EV 96.2 MPH)
Jonathan Mora to second
Batting: RHB Chris Jones 0-0: Swinging Strike
0-1: Ball
1-1: Called Strike
1-2: Ball
2-2: Ball
3-2: Foul Ball, location: 2F
3-2: Base on Balls
Batting: RHB Francisco Gutierrez 0-0: Called Strike
0-1: Foul Ball, location: 2F
0-2: Foul Ball, location: 2F
0-2: Ball
1-2: Strikes out swinging
Pinch Hitting: RHB Antonio Luisa 0-0: Ball
1-0: Swinging Strike
1-1: Ball
2-1: Foul Ball, location: 2F
2-2: SINGLE (Line Drive, 8LS, EV 106.2 MPH)
Jonathan Mora to third
Chris Jones to second
Batting: LHB Danny Salas 0-0: Ball
1-0: SINGLE (Groundball, 4M, EV 102.5 MPH)
Jonathan Mora scores
Chris Jones to third
Antonio Luisa to second
Batting: RHB Jimmy McIntosh 0-0: Ball
Wild Pitch!
Chris Jones scores
Antonio Luisa to third
Danny Salas to second
1-0: Foul Ball, location: 2F
1-1: Called Strike
1-2: Strikes out swinging
Top of the 9th over - 2 runs, 3 hits, 0 errors, 2 left on base; Missoula 8 - Bristol 13
Thursday, December 15th , 2022 - OOTP Baseball 23.9 Build 102